 Dungeon Crawl Stone Soup version 0.20.0-10-g0535bb4 (webtiles) character file.

290 Larmestyx the Caller (level 6, -14/32 HPs)
             Began as a Tengu Summoner on June 4, 2017.
             Was an Initiate of Sif Muna.
             Engulfed by a cloud of flame (21 damage)
             ... on level 5 of the Dungeon.
             The game lasted 00:54:48 (6646 turns).

Larmestyx the Caller (Tengu Summoner)               Turns: 6646, Time: 00:54:49

Health: -14/32     AC:  2    Str:  8    XL:     6   Next: 32%
Magic:  1/12       EV: 13    Int: 17    God:    Sif Muna [......]
Gold:   169        SH:  0    Dex: 15    Spells: 2/12 levels left

rFire    . . .     SeeInvis .   (no weapon)
rCold    . . .     Gourm    .   (no shield)
rNeg     . . .     Faith    .   a - +0 robe
rPois    +         Spirit   .   (helmet restricted)
rElec    .         Reflect  .   (no cloak)
rCorr    .         Harm     .   (no gloves)
MR       .....                  (boots unavailable)
Stlth    ++........             (no amulet)
Regen    0.1/turn               f - ring of poison resistance
MPRegen  0.2/turn               (no ring)

@: very slightly contaminated
A: beak, talons 3, able to fly 1
a: Fly, Renounce Religion


You were on level 5 of the Dungeon.
You worshipped Sif Muna.
Sif Muna was noncommittal.
You were not hungry.

You visited 2 branches of the dungeon, and saw 6 of its levels.

You collected 169 gold pieces.

Inventory:

Armour
 a - a +0 robe (worn)
Jewellery
 f - a ring of poison resistance (left hand)
Wands
 q - a wand of random effects (10/48)
Scrolls
 d - a scroll of blinking {unknown}
 e - 3 scrolls of identify
 g - a scroll of amnesia {unknown}
 h - 3 scrolls of recharging
 n - a scroll of fog {unknown}
 p - 2 scrolls of remove curse {unknown}
 v - a scroll of enchant armour {unknown}
Potions
 c - a potion of degeneration {unknown}
 j - 2 potions of heal wounds {unknown}
 l - 2 potions of agility
 o - a potion of resistance {unknown}
 s - a potion of curing {unknown}
 w - a potion of haste {unknown}
Books
 b - a book of Callings

   Spells                             Type                      Level
   a - Summon Small Mammal            Summoning                    1
   b - Call Imp                       Summoning                    2
   c - Call Canine Familiar           Summoning                    3
   d - Summon Guardian Golem          Hexes/Summoning              3
   e - Summon Lightning Spire         Summoning/Air                4
   f - Summon Ice Beast               Ice/Summoning                4
 r - a book of Necromancy

   Spells                             Type                      Level
   a - Pain                           Necromancy                   1
   b - Animate Skeleton               Necromancy                   1
   c - Vampiric Draining              Necromancy                   3
   d - Regeneration                   Charms/Necromancy            3
   e - Animate Dead                   Necromancy                   4
   f - Control Undead                 Necromancy                   4
Comestibles
 k - a meat ration
 m - 3 royal jellies
 t - a bread ration


   Skills:
 + Level 3.0 Dodging
 + Level 2.4 Stealth
 + Level 3.6 Spellcasting
 + Level 0.1 Hexes
 * Level 7.2 Summonings


You had 2 spell levels left.
You knew the following spells:

 Your Spells              Type           Power        Failure   Level  Hunger
a - Summon Small Mammal   Summ           ####         1%          1    None
b - Call Imp              Summ           ####....     1%          2    ##.....
c - Summon Ice Beast      Ice/Summ       ###.....     36%         4    ####...
d - Summon Guardian Gole  Hex/Summ       ###.....     11%         3    ###....


Dungeon Overview and Level Annotations

Branches:
Dungeon (5/15)             Temple (1/1) D:4

Altars:
Ashenzari
Dithmenos
Elyvilon
Hepliaklqana
Qazlal
Ru
Sif Muna
Trog
Vehumet
Yredelemnul
Lugonu


Innate Abilities, Weirdness & Mutations

You have a beak for a mouth.
You have claws for feet.
You can fly.


Message History

The fiery explosion engulfs the hound.
The hound dies!
Sif Muna accepts your kill. The fiery explosion engulfs you!
Ouch! That really hurt!
* * * LOW HITPOINT WARNING * * *
The fiery explosion engulfs mcbry's ghost.
Mcbry's ghost is destroyed!
Sif Muna accepts your kill.
Your Dodging skill increases to level 3!
Your Summonings skill increases to level 7!
You have reached level 6!
Your experience leads to an increase in your attributes!
Increase (S)trength, (I)ntelligence, or (D)exterity?
You feel clever.
The fiery explosion engulfs your crimson imp.
Your crimson imp completely resists.
You are engulfed in blazing flames.
Ouch! That really hurt!
You die...

#.# #.#
#.###.#
##...#.#
#<...#.###
######.#..
#....#.#
#.####.#
###.####r#
#.....@§5####
#######§§...#
#.###.# #r# #
#.# #.# #.#
#.. #..


You could see 2 quokkas and a friendly crimson imp.

Vanquished Creatures
  A hound (D:4)
  2 leopard geckos
  An orc (D:3)
  6 bats
  2 giant cockroaches
  2 goblins
  5 hobgoblins
  A jackal (D:3)
  4 frilled lizards
  5 kobolds
  5 rats
34 creatures vanquished.

Vanquished Creatures (collateral kills)
  The ghost of mcbry the Skirmisher, an amateur FeCK of Xom (D:5)
  A hound (D:5)
  An orc wizard (D:3)
  A bullfrog skeleton (D:4)
  An iguana (D:4)
  Natasha (twice) (D:3)
  8 adders
  An ooze (D:2)
  A worm (D:2)
  A dart slug (D:3)
  3 orcs (D:3)
  2 ball pythons
  A giant cockroach (D:2)
  5 goblins
  7 hobgoblins
  3 jackals
  A quokka (D:2)
  A bat (D:2)
  4 frilled lizards
  2 kobolds
  A rat (D:3)
48 creatures vanquished.

Vanquished Creatures (others)
  5 toadstools (D:1)
5 creatures vanquished.

Grand Total: 87 creatures vanquished

Notes
Turn   | Place    | Note
-------+----------+-------------------------------------------
     0 | D:1      | Larmestyx the Tengu Summoner began the quest for the Orb.
     0 | D:1      | Reached XP level 1. HP: 10/10 MP: 4/4
   154 | D:1      | Reached skill level 5 in Summonings
   648 | D:1      | Reached XP level 2. HP: 11/15 MP: 6/6
   728 | D:1      | Learned a level 2 spell: Call Imp
  2319 | D:2      | Reached XP level 3. HP: 19/19 MP: 0/7
  2567 | D:2      | Found a shadowy altar of Dithmenos.
  3010 | D:2      | Found a hazy altar of Hepliaklqana.
  3244 | D:2      | Found a bloodstained altar of Trog.
  3337 | D:2      | Reached XP level 4. HP: 23/24 MP: 0/8
  3778 | D:3      | Learned a level 4 spell: Summon Ice Beast
  3946 | D:3      | Noticed Natasha
  3954 | D:3      | Killed Natasha
  3954 | D:3      | Reached skill level 6 in Summonings
  4109 | D:3      | Found a radiant altar of Vehumet.
  4235 | D:3      | Gained mutation: You can fly. [Tengu growth]
  4235 | D:3      | Reached XP level 5. HP: 5/28 MP: 6/10
  4601 | D:3      | Noticed Natasha
  4607 | D:3      | Killed Natasha
  4889 | D:4      | Found a staircase to the Ecumenical Temple.
  5078 | Temple   | Entered the Ecumenical Temple
  5112 | Temple   | Became a worshipper of Sif Muna the Loreminder
  5184 | D:5      | Entered Level 5 of the Dungeon
  6298 | D:4      | Learned a level 3 spell: Summon Guardian Golem
  6634 | D:5      | Noticed mcbry's ghost (amateur FeCK)
  6645 | D:5      | Killed mcbry's ghost
  6645 | D:5      | Reached skill level 7 in Summonings
  6645 | D:5      | Reached XP level 6. HP: 7/32 MP: 1/12
  6646 | D:5      | Engulfed by a cloud of flame

Skill      XL: |  1  2  3  4  5 |
---------------+----------------+-----
Summonings     | 5 6 7 |  7.2
Spellcasting   | 3 |  3.6
Dodging        | 3 |  3.0
Stealth        | |  2.4
Hexes          | |  0.1

Action                   |  1- 3 |  4- 6 || total
-------------------------+-------+-------++-------
Melee: Unarmed           |   158 |    91 ||   249
       Peck              |    29 |    15 ||    44
       Kick              |    35 |    16 ||    51
 Cast: Summon Small Mamm |     2 |       ||     2
       Call Imp          |    29 |    57 ||    86
       Summon Guardian G |       |     2 ||     2
  Use: Scroll            |       |     5 ||     5
 Stab: Sleeping          |     1 |     2 ||     3
  Eat: Chunk             |     4 |     7 ||    11
       Bread ration      |     1 |     1 ||     2
       Meat ration       |       |     1 ||     1
Armor: Robe              |    40 |    10 ||    50
Dodge: Dodged            |   122 |    79 ||   201
